 Dungeon Crawl Stone Soup version 0.31.0-11-ge490571c62 (webtiles) character file.

Game seed: 2864042675734353615

289 qw the Ducker (level 6, 0/30 HPs)
             Began as a Spriggan Hunter on Feb 3, 2024.
             Slain by Grinder (6 damage)
             ... on level 3 of the Dungeon.
             The game lasted 00:00:15 (2712 turns).

qw the Ducker (Spriggan Hunter)                     Turns: 2712, Time: 00:00:16

Health: 0/30       AC:  2    Str:  7    XL:     6   Next: 9%
Magic:  7/7        EV: 22    Int: 11    God:
Gold:   122        SH:  0    Dex: 20    Spells: 5/5 levels left

rFire   . . .        a - +1 shortbow
rCold   . . .        (shield currently unavailable)
rNeg    . . .        c - +0 robe
rPois   .            (helmet restricted)
rElec   .            (no cloak)
rCorr   .            (gloves unavailable)
SInv    +            (boots unavailable)
Will    +....        (no amulet)
Stlth   ++           (no ring)
HPRegen 0.25/turn    (no ring)
MPRegen 0.10/turn

%: no passive effects
@: hasted, very quick
A: very small, no large weapons, unfitting armour, see invisible, speed 3
a: no special abilities


You were on level 3 of the Dungeon.
You visited 1 branch of the dungeon, and saw 3 of its levels.

You collected 122 gold pieces.


Innate Abilities, Weirdness & Mutations

You are very small and have problems with some larger weapons.
You are too small for most types of armour.
You have supernaturally acute eyesight. (SInv)
You cover ground extremely quickly. (Speed+++)


   Skills:
 - Level 2.0 Fighting
 + Level 5.3 Ranged Weapons
 - Level 6.8 Dodging
 - Level 1.5 Stealth


You had 5 spell levels left.
You didn't know any spells.
Your spell library was empty.

Inventory:

Hand Weapons
 a - a +1 shortbow (weapon)
Armour
 c - a +0 robe (worn)
Scrolls
 f - a scroll of fear {unknown}
Potions
 b - a potion of curing
 d - a potion of cancellation
 e - a potion of brilliance {unknown}
 h - a potion of magic {unknown}

Dungeon Overview and Level Annotations

Branches:
Dungeon (3/15)

Altars:
Dithmenos
Elyvilon
Fedhas
Nemelex Xobeh
Sif Muna
Wu Jian
Xom

Annotations:
D:2 1 runed translucent door, Crazy Yiuf
D:3 Grinder


Message History

Found a stone staircase leading down.
There is an open door here.
There is a stone staircase leading down here.
A frilled lizard comes into view.
You shoot an arrow. The arrow hits the frilled lizard!
You kill the frilled lizard!
There is an open door here.
You see here a +0 spear.
Found a stone staircase leading down.
There is a stone staircase leading down here.
You now have 122 gold pieces (gained 9).
You open the door.
There is an open door here.
Grinder comes into view.
Found a scroll labelled MAWIHA NOAWU.
2701 ||| DRINKING potion of haste.
You feel yourself speed up.
You shoot an arrow. The arrow hits Grinder!
Grinder shouts!
Grinder is moderately wounded.
You shoot an arrow. The arrow barely misses Grinder.
You shoot an arrow. The arrow hits Grinder.
Grinder is moderately wounded.
You shoot an arrow. The arrow barely misses Grinder.
You shoot an arrow. The arrow barely misses Grinder.
You shoot an arrow. The arrow hits Grinder!
Grinder is heavily wounded.
Grinder hits you!
You shoot an arrow. The arrow completely misses Grinder.
Grinder hits you.
You writhe in agony.
You shoot an arrow. The arrow closely misses Grinder.
Grinder closely misses you.
You shoot an arrow. The arrow hits Grinder.
Grinder is heavily wounded.
Grinder misses you.
You shoot an arrow. The arrow barely misses Grinder.
You shoot an arrow. The arrow hits Grinder.
Grinder is severely wounded.
Grinder hits you!
You writhe in agony.
You die...
Grinder sighs, "Dead already?
I want a refund."

...........................
#.#####.##.#####...#.......
#.##.##........##?##.
#.##.####............
#.##'######..........
#.#.............#.#..
..#..................
###..........#..#....
##@####.........#.#
#5######..#....#.#
............##...+
.#.[........(.....#
#.########....##.#.# .
####)##...# .? #.##.#.# ..
##.##.#.. .. #........


You could see Grinder.

Vanquished Creatures
  Sigmund (D:2)
  Terence (D:2)
  5 adders
  A ribbon worm (D:2)
  A dart slug (D:2)
  An orc (D:3)
  6 ball pythons
  4 endoplasms
  2 giant cockroaches (D:3)
  6 goblins
  2 hobgoblins (D:3)
  3 jackals (D:1)
  A quokka (D:1)
  8 bats
  4 frilled lizards
  7 kobolds
  7 rats
60 creatures vanquished.

Notes
Turn   | Place    | Note
-------+----------+-------------------------------------------
     0 | D:1      | qw the Spriggan Hunter began the quest for the Orb.
     0 | D:1      | Reached XP level 1. HP: 10/10 MP: 2/2
     0 | D:1      | 0 ||| qw: Version: 0.3-a-157-g843a77d
     0 | D:1      | 0 ||| qw: Game counter: 3588
     0 | D:1      | 0 ||| qw: Melee chars always use a shield: true
     0 | D:1      | 0 ||| qw: God list: Okawaru
     0 | D:1      | 0 ||| qw: Allow faded altars: false
     0 | D:1      | 0 ||| qw: Do Orc after clearing Dungeon:15 true
     0 | D:1      | 0 ||| qw: Do second Lair branch before Depths: true
     0 | D:1      | 0 ||| qw: Lair rune preference: random
     0 | D:1      | 0 ||| qw: Goals: Normal
     0 | D:1      | 0 ||| PLANNING D:1-11
    89 | D:1      | Reached skill level 3 in Dodging
   245 | D:1      | Reached XP level 2. HP: 14/14 MP: 3/3
   256 | D:1      | HP: 3/14 [endoplasm (2)]
   392 | D:1      | Reached skill level 4 in Dodging
   893 | D:1      | Reached XP level 3. HP: 18/18 MP: 4/4
   910 | D:1      | 910 ||| READING scroll labelled MEOSIH OLIE.
   910 | D:1      | 910 ||| ENCHANTING +0 shortbow.
   911 | D:1      | 911 ||| READING scroll labelled USE WAKEHER QULE.
   911 | D:1      | 911 ||| IDENTIFYING blue potion
   912 | D:1      | 912 ||| READING scroll labelled INKIOX FEO.
   913 | D:1      | 913 ||| DROPPING scroll of butterflies.
  1058 | D:1      | 1058 ||| Stepping randomly (stuck).
  1203 | D:2      | Noticed Sigmund
  1204 | D:2      | Noticed Terence
  1205 | D:2      | 1205 ||| RETREEEEATING.
  1213 | D:2      | 1213 ||| RETREEEEATING.
  1214 | D:2      | 1214 ||| RETREEEEATING.
  1216 | D:2      | HP: 2/18 [Sigmund/puff of flame (10)]
  1220 | D:2      | Killed Sigmund
  1221 | D:2      | Reached skill level 6 in Dodging
  1221 | D:2      | Reached XP level 4. HP: 4/22 MP: 5/5
  1221 | D:2      | Reached XP level 5. HP: 5/25 MP: 6/6
  1221 | D:2      | 1221 ||| FLEEEEING.
  1222 | D:2      | 1222 ||| FLEEEEING.
  1223 | D:2      | 1223 ||| FLEEEEING.
  1224 | D:2      | 1224 ||| FLEEEEING.
  1225 | D:2      | 1225 ||| FLEEEEING.
  1226 | D:2      | 1226 ||| FLEEEEING.
  1227 | D:2      | 1227 ||| FLEEEEING.
  1228 | D:2      | 1228 ||| FLEEEEING.
  1229 | D:2      | 1229 ||| FLEEEEING.
  1230 | D:2      | 1230 ||| FLEEEEING.
  1231 | D:2      | 1231 ||| FLEEEEING.
  1232 | D:2      | 1232 ||| FLEEEEING.
  1238 | D:2      | 1238 ||| FLEEEEING.
  1239 | D:2      | 1239 ||| FLEEEEING.
  1240 | D:2      | 1240 ||| FLEEEEING.
  1241 | D:2      | 1241 ||| FLEEEEING.
  1242 | D:2      | 1242 ||| STAIRDANCE
  1310 | D:1      | 1310 ||| READING scroll of identify.
  1310 | D:1      | 1310 ||| IDENTIFYING puce potion
  1311 | D:1      | 1311 ||| READING scroll labelled CEACZI FOTA.
  1312 | D:1      | 1312 ||| READING scroll labelled WIPIOM AHIXKOI.
  1313 | D:1      | 1313 ||| DROPPING potion of berserk rage.
  1633 | D:2      | HP: 5/25 [Terence/+0 hand axe (8)]
  1640 | D:2      | Killed Terence
  1748 | D:2      | Found a runed translucent door.
  1749 | D:2      | Noticed Crazy Yiuf
  2083 | D:2      | Reached XP level 6. HP: 30/30 MP: 7/7
  2173 | D:2      | 2173 ||| READING scroll of identify.
  2173 | D:2      | 2173 ||| IDENTIFYING fuming pink potion
  2174 | D:2      | 2174 ||| DRINKING 2 silvery potions.
  2175 | D:2      | 2175 ||| DRINKING 2 glowing amethyst potions.
  2176 | D:2      | 2176 ||| DROPPING potion of lignification.
  2204 | D:3      | Found a white marble altar of Elyvilon.
  2413 | D:3      | Found a shadowy altar of Dithmenos.
  2416 | D:3      | Found a shimmering altar of Xom.
  2423 | D:3      | Found an ornate altar of the Wu Jian Council.
  2456 | D:3      | Found a sparkling altar of Nemelex Xobeh.
  2458 | D:3      | Found a blossoming altar of Fedhas.
  2463 | D:3      | Found a shimmering blue altar of Sif Muna.
  2700 | D:3      | Noticed Grinder
  2701 | D:3      | 2701 ||| DRINKING potion of haste.
  2712 | D:3      | HP: 6/30 [Grinder (7)]
  2712 | D:3      | Slain by Grinder

Levels and vault maps discovered:
D:1:      spicycebolla_arrival_ecumenical, layout_basic, minivault_19
D:2:      layout_loops_cross, uniq_sigmund, uniq_terence,
          uniq_crazy_yiuf_cottage
D:3:      layout_basic, nicolae_overflow_hallway_of_the_gods,
          lemuel_doored_altar, grunt_decor_arrowhead, uniq_grinder

Skill      XL: |  1  2  3  4  5 |
---------------+----------------+-----
Dodging        | 3 4 6 |  6.8
Ranged Weapons | 5 |  5.3
Fighting       | 2 |  2.0
Stealth        | |  1.5

Action                     |  1- 3 |  4- 6 || total
---------------------------+-------+-------++-------
   Fire: Shortbow          |   121 |    94 ||   215
    Use: Scroll            |     3 |     4 ||     7
         Potion            |       |     3 ||     3
 Armour: Robe              |    15 |    10 ||    25
  Dodge: Dodged            |    54 |    49 ||   103

Table legend:
 A = Non-vault XP
 B = Vault XP
 C = Vault XP percentage of total XP
 D = Non-vault monster count
 E = Vault monster count
 F = Vault count percentage of total count
                 A         B        C        D         E       F
            +---------+---------+-------+---------+---------+-------
      Total |     152 |     262 |  63.3 |      58 |       2 |   3.3
            +---------+---------+-------+---------+---------+-------
        D:1 |      43 |       0 |   0.0 |      30 |       0 |   0.0
        D:2 |      76 |     262 |  77.5 |      16 |       2 |  11.1
        D:3 |      33 |       0 |   0.0 |      12 |       0 |   0.0
            +---------+---------+-------+---------+---------+-------
